 Dungeon Crawl Stone Soup version 0.15-a0-198-g2f4809b (webtiles) character file.

108 PolkaDot the Caller (level 3, -1/24 HPs)
             Began as a Vampire Summoner on Apr 23, 2014.
             Slain by an ooze (5 damage)
             ... on Level 2 of the Dungeon.
             The game lasted 00:05:06 (1220 turns).

PolkaDot the Caller (Vampire Summoner)              Turns: 1220, Time: 00:05:06

HP  -1/24        AC  2     Str  7      XL: 3   Next: 76%
MP   6/6         EV 12     Int 17      God:
Gold 50          SH  0     Dex 15      Spells:  1 memorised,  6 levels left

rFire  . . .     SeeInvis +     g - +0,+1 hand axe
rCold  . . .     Clarity  .     a - +0 robe
rNeg   . . .     Conserve .     (no shield)
rPois  .         rCorr    .     (no helmet)
rElec  .         rRot     .     (no cloak)
SustAb + +       Spirit   .     (no gloves)
rMut   .         Warding  .     (no boots)
Saprov . . .     Stasis   .     (no amulet)
MR     .....                    i - ring of sustain abilities {unknown}
                                f - ring of sustain abilities {unknown}

@: regenerating quickly, not resistant to hostile enchantments, stealthy
A: fangs 3, see invisible, unbreathing
a: no special abilities


You were on level 2 of the Dungeon.
You were very full.

You visited 1 branch of the dungeon, and saw 2 of its levels.

You collected 50 gold pieces.

Inventory:

Hand weapons
 g - a +0,+1 hand axe (weapon)
Armour
 a - a +0 robe (worn)
Scrolls
 h - a scroll of blinking {unknown}
 j - a scroll of random uselessness {unknown}
Jewellery
 f - a ring of sustain abilities (left hand) {unknown}
 i - a ring of sustain abilities (right hand) {unknown}
Potions
 c - a potion of resistance {unknown}
 d - a potion of heal wounds {unknown}
 e - a potion of beneficial mutation {unknown}
Books
 b - a book of Callings

   Spells                             Type                      Level
   *Summon Small Mammal               Summoning                    1
   Call Imp                           Summoning                    2
   Call Canine Familiar               Summoning                    3
   Summon Guardian Golem              Hexes/Summoning              4
   Summon Lightning Spire             Summoning/Air                4
   Summon Ice Beast                   Ice/Summoning                4


   Skills:
 - Level 2.1 Dodging
 - Level 3.0 Stealth
 + Level 2.8 Spellcasting
 * Level 4.9 Summonings


You had 6 spell levels left.
You knew the following spells:

 Your Spells              Type           Power        Failure   Level  Hunger
a - Summon Small Mammal   Summ           ###.         2%          1    #......


Dungeon Overview and Level Annotations

Branches:
Dungeon (2/15)

Altars:
Jiyva


Innate Abilities, Weirdness & Mutations

Your natural rate of healing is unusually fast.
You have razor-sharp teeth.*
You have supernaturally acute eyesight.
You can survive without breathing.*


Message History

The hobgoblin shouts!
The ooze hits you.
You hit the ooze.
The ooze is heavily wounded.
The ooze hits you.
You hit the ooze.
The ooze is severely wounded.
The ooze hits you.
* * * LOW HITPOINT WARNING * * *
You hit the ooze but do no damage.
The ooze is severely wounded.
The ooze barely misses you.
You hit the ooze. You bite the ooze, but do no damage.
The ooze is severely wounded.
The ooze hits you.
* * * LOW HITPOINT WARNING * * *
You hit the ooze but do no damage.
The ooze is severely wounded.
The ooze hits you.
You die...

#..#.............#
#..'............)#
#.##.............#
#.##.............#
#.##.............#
#.##.............#
#.##.)...........#
#.##.............#
#@##.............#
#J##.............#
gJJ#.............#
....###############
.!_..# #.....#
#..$..# ####.## #.#


You could see 3 oozes and a hobgoblin.

Vanquished Creatures
  An adder (D:2)
  2 worms (D:2)
  3 oozes
  7 bats
  4 giant cockroaches
  2 goblins
  2 jackals (D:2)
  A ball python (D:2)
  3 giant newts (D:2)
  2 kobolds
  9 rats
36 creatures vanquished.

Vanquished Creatures (collateral kills)
  An ooze (D:1)
  2 goblins
  A hobgoblin (D:1)
  A kobold (D:1)
5 creatures vanquished.

Vanquished Creatures (others)
  3 bats (D:2)
  2 rats
5 creatures vanquished.

Grand Total: 46 creatures vanquished

Notes
Turn   | Place    | Note
--------------------------------------------------------------
     0 | D:1      | PolkaDot, the Vampire Summoner, began the quest for the Orb.
     0 | D:1      | Reached XP level 1. HP: 13/13 MP: 3/3
   301 | D:1      | Reached XP level 2. HP: 10/19 MP: 5/5
   836 | D:2      | Reached XP level 3. HP: 24/24 MP: 6/6
  1205 | D:2      | Found a viscous altar of Jiyva.
  1220 | D:2      | Slain by an ooze

Action                   || total
-------------------------++-------
Melee: Hand axe          ||   134
       Club              ||     4
       Unarmed           ||     1
 Cast: Summon Small Mamm ||    15
  Use: Potion            ||     1
       Scroll            ||     1
 Stab: Sleeping          ||     3
       Distracted        ||     1
